Coutelas vs Royaux
(R2)
Created - April 2, 2021 at 20:55
Goals
|
| Coutelas |
1 |
2 |
0 |
0 |
1 |
3 |
| Royaux |
0 |
1 |
2 |
0 |
2 |
4 |
|
Shots
|
| Coutelas |
6 |
17 |
13 |
1 |
3 |
37 |
| Royaux |
7 |
10 |
14 |
0 |
3 |
31 |
|
1st period
1. Coutelas , Martins Karsums 19 (Stefan Matteau 45, Michael Chaput 28) at 2:49
Penalties :
Oliver Bjorkstrand (MDÉ) for Hooking (Minor) at 4:36, Rhett Rakhshani (MDÉ) for Hooking (Minor) at 7:38, Nick Mattson (MDÉ) for Holding (Minor) at 16:19
2nd period
2. Coutelas , Michael Chaput 24 (Martins Karsums 26, Stefan Matteau 46) at 12:38
3. Coutelas , Craig Cunningham 37 (Oliver Bjorkstrand 25, Tanner Richard 44) at 19:01 (PP)
4. Royaux , Simon Despres 3 (Riley Armstrong 25) at 19:07
Penalties :
Stefan Matteau (MDÉ) for Unsportsmanlike conduct (Minor) at 1:38, Jordie Benn (Cap) for Elbowing (Minor) at 18:23
3rd period
5. Royaux , Riley Armstrong 13 (Mathew Barzal 24, Brandon Pirri 29) at 3:08 (PP)
6. Royaux , Danny Kristo 22 (Brandon Pirri 30) at 10:57
Penalties :
Dustin Kohn (MDÉ) for Roughing (Minor) at 2:30, Michael Chaput (MDÉ) for Roughing (Minor) at 14:05
Overtime #1
No Goal
Penalties :
No Penalty
Shootout
Coutelas, Martins Karsums - Goal!
Royaux, Dylan Larkin - Goal!
Coutelas, Stefan Matteau - Stopped by Olivier Roy
Royaux, Brandon Pirri - Stopped by Joe Cannata
Coutelas, Craig Cunningham - Stopped by Olivier Roy
Royaux, Danny Kristo - Goal!
Penalties :
No Penalty
Goalie Stats
Joe Cannata (MDÉ), 28 saves from 31 shots - (0.903), OTL, 26-13-5, 65:00 minutes
Olivier Roy (Cap), 34 saves from 37 shots - (0.919), W, 20-11-3, 65:00 minutes
Players Stats for Coutelas
Player Name G A P +/- PIM S H SB GA TA FO MP PP MP PK MP
------------------------------------------------------------------------------------
Ben Harpur 0 0 0 1 0 1 0 1 0 1 0/0 21:58 0:00 4:44
Craig Cunningham 1 0 1 -1 0 2 5 1 1 1 0/1 19:25 0:14 3:29
Curtis Lazar 0 0 0 0 0 1 2 1 0 0 2/4 7:17 0:00 0:00
Dustin Kohn 0 0 0 -1 2 4 3 2 0 0 0/0 29:49 0:38 4:59
Julius Honka 0 0 0 0 0 0 0 0 0 0 0/0 13:23 0:00 1:10
Martins Karsums 1 1 2 1 0 5 3 0 2 0 4/10 24:21 0:24 5:03
Mattias Janmark 0 0 0 0 0 4 0 0 0 0 0/1 7:29 0:00 0:12
Michael Chaput 1 1 2 1 2 3 0 0 0 1 17/30 21:15 0:24 2:05
Mikhail Grigorenko 0 0 0 0 0 3 0 1 1 0 5/6 13:53 0:00 3:46
Nick Mattson 0 0 0 1 2 1 4 2 0 0 0/0 21:05 0:00 4:01
Oliver Bjorkstrand 0 1 1 -1 2 1 1 0 0 0 0/0 14:44 0:14 0:00
Patrick Sieloff 0 0 0 0 0 1 2 2 0 1 0/0 13:00 0:00 0:27
Petter Granberg 0 0 0 -1 0 0 4 2 1 1 0/0 30:49 0:38 5:33
Rhett Rakhshani 0 0 0 0 2 1 0 0 1 0 0/0 9:01 0:00 0:00
Sam Reinhart 0 0 0 0 0 1 0 0 0 0 0/0 9:13 0:00 0:00
Stefan Matteau 0 2 2 1 2 3 1 1 1 0 0/3 23:56 0:24 4:04
Tanner Richard 0 1 1 -1 0 4 1 0 1 0 0/7 15:14 0:14 0:29
Teemu Pulkkinen 0 0 0 0 0 2 3 0 1 0 1/1 13:29 0:00 2:10
Players Stats for Royaux
Player Name G A P +/- PIM S H SB GA TA FO MP PP MP PK MP
------------------------------------------------------------------------------------
Adam Gaudette 0 0 0 1 0 4 1 0 0 0 2/2 18:17 5:03 0:00
Ben Hanowski 0 0 0 -1 0 2 2 0 0 0 2/2 18:10 0:12 0:00
Brandon Pirri 0 2 2 0 0 1 0 0 0 0 0/1 14:44 5:03 0:00
Brendan Woods 0 0 0 0 0 0 0 1 0 0 0/0 11:40 0:03 0:38
Danny Kristo 1 0 1 0 0 2 1 0 0 0 0/1 10:13 0:53 0:38
Dylan Larkin 0 0 0 -1 0 6 2 0 1 0 14/29 24:17 4:37 0:00
Jordie Benn 0 0 0 0 2 1 2 1 1 1 0/0 23:46 5:36 0:00
Marcus Pettersson 0 0 0 0 0 0 0 0 0 1 0/0 24:25 5:36 0:38
Mathew Barzal 0 1 1 0 0 0 1 0 0 0 2/3 16:07 4:57 0:00
Max Domi 0 0 0 1 0 0 1 1 0 0 0/2 19:10 5:18 0:00
Phil Oreskovic 0 0 0 0 0 3 0 1 2 0 0/0 13:45 0:00 0:00
Riley Armstrong 1 1 2 1 0 4 2 0 1 1 9/14 18:56 5:03 0:00
Rourke Chartier 0 0 0 0 0 1 0 0 0 0 3/6 10:24 0:00 0:00
Ryan Pulock 0 0 0 0 0 1 0 1 0 1 0/0 14:16 0:00 0:00
Simon Despres 1 0 1 0 0 2 3 0 0 3 0/0 20:45 0:00 0:38
Sonny Milano 0 0 0 0 0 2 1 0 0 2 1/2 10:27 0:51 0:00
Travis Sanheim 0 0 0 0 0 0 4 0 0 0 0/0 25:48 4:57 0:00
Tye McGinn 0 0 0 -1 0 2 2 1 0 0 1/1 24:11 4:36 0:00
3 Stars
1 - Riley Armstrong (Cap)
2 - Martins Karsums (MDÉ)
3 - Simon Despres (Cap)
Power Play
Coutelas - 1 on 1 Attempt(s) - 100.00%
Royaux - 1 on 6 Attempt(s) - 16.67%
Penalty Kill
Coutelas - 5 on 6 Attempt(s) - 83.33%
- Score 0 goal in Penalty Kill
Royaux - 0 on 1 Attempt(s) - 0.00%
- Score 0 goal in Penalty Kill
Team Stat
Coutelas - Hits : 29 - Faceoff Wins : 29 - Blocked Shots : 13 - Penalty Minutes : 12
Royaux - Hits : 22 - Faceoff Wins : 34 - Blocked Shots : 6 - Penalty Minutes : 2
Official
Referees : Unknown
Linesman : Unknown
Game Notes
19:07 of 2nd period - Royaux goal is going for a video replay. After video review, Goal.
Finance
Level 1 -- Attendance: 1971 (98.55%) -- Ticket Income $68,985
Level 2 -- Attendance: 700 (70.00%) -- Ticket Income $14,000
Total Attendance: 2671 (89.03%)
Total Ticket Income: $82,985
Other Income: $4,149
Total Income: $87,134
Coutelas
5 vs 5 Forward
Center Left Wing Right Wing Time % Phy DF OF
1 Michael Chaput Stefan Matteau Martins Karsums 40 1 2 2
2 Tanner Richard Craig Cunningham Oliver Bjorkstrand 30 1 2 2
3 Mikhail Grigorenko Teemu Pulkkinen Sam Reinhart 20 1 2 2
4 Curtis Lazar Mattias Janmark Rhett Rakhshani 10 1 2 2
5 vs 5 Defense
Defense Defense Time % Phy DF OF
1 Petter Granberg Dustin Kohn 40 1 2 2
2 Ben Harpur Nick Mattson 30 1 2 2
3 Patrick Sieloff Julius Honka 20 1 2 2
4 Petter Granberg Dustin Kohn 10 1 2 2
PowerPlay Forward
Center Left Wing Right Wing Time % Phy DF OF
1 Michael Chaput Stefan Matteau Martins Karsums 60 1 2 2
2 Tanner Richard Craig Cunningham Oliver Bjorkstrand 40 1 2 2
PowerPlay Defense
Defense Defense Time % Phy DF OF
1 Petter Granberg Dustin Kohn 60 1 2 2
2 Ben Harpur Sam Reinhart 40 1 2 2
Penalty Kill 4 Players Forward
Center Wing Time % Phy DF OF
1 Martins Karsums Stefan Matteau 60 1 2 2
2 Craig Cunningham Michael Chaput 40 1 2 2
Penalty Kill 4 Players Defense
Defense Defense Time % Phy DF OF
1 Petter Granberg Dustin Kohn 60 1 2 2
2 Ben Harpur Nick Mattson 40 1 2 2
Penalty Kill - 3 Players Forward
Forward Time % Phy DF OF
1 Martins Karsums 60 1 2 2
2 Stefan Matteau 40 1 2 2
Penalty Kill - 3 Players Defense
Defense Defense Time % Phy DF OF
1 Petter Granberg Dustin Kohn 60 1 2 2
2 Ben Harpur Nick Mattson 40 1 2 2
4 vs 4 Forward
Center Wing Time % Phy DF OF
1 Martins Karsums Stefan Matteau 60 1 2 2
2 Craig Cunningham Michael Chaput 40 1 2 2
4 vs 4 Defense
Defense Defense Time % Phy DF OF
1 Petter Granberg Dustin Kohn 60 1 2 2
2 Ben Harpur Nick Mattson 40 1 2 2
Last Minutes Offensive
Center Left Wing Right Wing Defense Defense
Michael Chaput Stefan Matteau Martins Karsums Petter Granberg Dustin Kohn
Last Minutes Defensive
Center Left Wing Right Wing Defense Defense
Michael Chaput Stefan Matteau Martins Karsums Petter Granberg Dustin Kohn
Goaltenders
Starting : Joe Cannata
Backup : Mackenzie Blackwood
Extra Forwards
Normal : Teemu Pulkkinen, Rhett Rakhshani, Mikhail Grigorenko - PP : Teemu Pulkkinen, Rhett Rakhshani - PK : Mikhail Grigorenko
Extra Defensemen
Normal : Patrick Sieloff, Julius Honka, Ben Harpur - PP : Patrick Sieloff - PK : Julius Honka, Ben Harpur
Penalty Shots
Martins Karsums, Stefan Matteau, Craig Cunningham, Michael Chaput, Tanner Richard
Scratches
Ross Johnston (Healthy), Patrick Russell (Healthy), Myles Bell (Healthy), Zach Whitecloud (Healthy), Mike Reilly (Healthy)
Nick Paul (Healthy), Kurtis Gabriel (Healthy), Duncan Siemens (Healthy), Calle Andersson (Healthy), Clark Bishop (Healthy)
Nikita Scherbak (Healthy), JJ. Piccinich (Healthy), Michael Giugovaz (Healthy)
Royaux
5 vs 5 Forward
Center Left Wing Right Wing Time % Phy DF OF
1 Dylan Larkin Tye McGinn Ben Hanowski 40 0 2 3
2 Riley Armstrong Max Domi Adam Gaudette 30 0 2 3
3 Mathew Barzal Brandon Pirri Danny Kristo 20 0 2 3
4 Rourke Chartier Sonny Milano Brendan Woods 10 0 3 2
5 vs 5 Defense
Defense Defense Time % Phy DF OF
1 Travis Sanheim Simon Despres 35 0 3 2
2 Marcus Pettersson Jordie Benn 35 0 3 2
3 Ryan Pulock Phil Oreskovic 15 0 3 2
4 Ryan Pulock Phil Oreskovic 15 0 3 2
PowerPlay Forward
Center Left Wing Right Wing Time % Phy DF OF
1 Dylan Larkin Tye McGinn Max Domi 60 0 1 4
2 Riley Armstrong Brandon Pirri Adam Gaudette 40 0 1 4
PowerPlay Defense
Defense Defense Time % Phy DF OF
1 Jordie Benn Marcus Pettersson 60 0 2 3
2 Mathew Barzal Travis Sanheim 40 0 2 3
Penalty Kill 4 Players Forward
Center Wing Time % Phy DF OF
1 Danny Kristo Brendan Woods 60 0 4 1
2 Ben Hanowski Tye McGinn 40 0 4 1
Penalty Kill 4 Players Defense
Defense Defense Time % Phy DF OF
1 Jordie Benn Simon Despres 60 1 2 2
2 Phil Oreskovic Ryan Pulock 40 1 2 2
Penalty Kill - 3 Players Forward
Forward Time % Phy DF OF
1 Brendan Woods 60 0 4 1
2 Danny Kristo 40 0 4 1
Penalty Kill - 3 Players Defense
Defense Defense Time % Phy DF OF
1 Jordie Benn Simon Despres 60 1 2 2
2 Phil Oreskovic Ryan Pulock 40 1 2 2
4 vs 4 Forward
Center Wing Time % Phy DF OF
1 Dylan Larkin Tye McGinn 60 0 2 3
2 Max Domi Adam Gaudette 40 0 2 3
4 vs 4 Defense
Defense Defense Time % Phy DF OF
1 Travis Sanheim Simon Despres 60 0 3 2
2 Jordie Benn Marcus Pettersson 40 0 3 2
Last Minutes Offensive
Center Left Wing Right Wing Defense Defense
Dylan Larkin Tye McGinn Max Domi Marcus Pettersson Travis Sanheim
Last Minutes Defensive
Center Left Wing Right Wing Defense Defense
Tye McGinn Brendan Woods Danny Kristo Phil Oreskovic Simon Despres
Goaltenders
Starting : Olivier Roy
Backup : Igor Shesterkin
Extra Forwards
Normal : Dylan Larkin, Max Domi, Mathew Barzal - PP : Sonny Milano, Danny Kristo - PK : Brandon Pirri
Extra Defensemen
Normal : Travis Sanheim, Marcus Pettersson, Phil Oreskovic - PP : Simon Despres - PK : Marcus Pettersson, Travis Sanheim
Penalty Shots
Dylan Larkin, Brandon Pirri, Danny Kristo, Sonny Milano, Ben Hanowski
Scratches
Vladislav Namestnikov (Healthy), Garrett Wilson (Healthy), Mathieu Joseph (Healthy), Troy Terry (Healthy), Tanner Kero (Healthy)
Greg McKegg (Healthy), Nikita Pavlychev (Healthy), Konrad Abeltshauser (Healthy), Dylan DeMelo (Healthy), Tomas Hyka (Healthy)
Ian McCoshen (Healthy), Michael Bunting (Healthy), Ryan Mantha (Healthy), Jack Ramsey (Healthy), Marcus Hogberg (Healthy)
% Time on Ice - Coutelas
Lines # - Real PCT - Wanted PCT - Time Play
Normal Forward
1 - 36% - 40% - 17:49
2 - 30% - 30% - 14:30
3 - 19% - 20% - 9:13
4 - 15% - 10% - 7:17
Normal Defense
1 - 40% - 40% - 19:34
2 - 32% - 30% - 15:40
3 - 24% - 20% - 11:46
4 - 4% - 10% - 1:49
PP Forward
1 - 63% - 60% - 0:24
2 - 37% - 40% - 0:14
PP Defense
1 - 100% - 60% - 0:38
2 - 0% - 40% - 0:00
PK Forward
1 - 76% - 60% - 8:02
2 - 24% - 40% - 2:31
PK Defense
1 - 50% - 60% - 5:19
2 - 50% - 40% - 5:14
PK3 Forward
1 - 0% - 60%
2 - 0% - 40%
PK3 Defense
1 - 0% - 60%
2 - 0% - 40%
44 Forward
1 - 72% - 60% - 3:36
2 - 28% - 40% - 1:24
44 Defense
1 - 62% - 60% - 3:05
2 - 38% - 40% - 1:55
Last Minute Offensive - 0:00
Last Minute Defensive - 0:00
Total
Forward - 65:00
Defense - 65:00
|
% Time on Ice - Royaux
Lines # - Real PCT - Wanted PCT - Time Play
Normal Forward
1 - 37% - 40% - 17:58
2 - 28% - 30% - 13:52
3 - 15% - 20% - 7:23
4 - 20% - 10% - 9:36
Normal Defense
1 - 36% - 35% - 17:38
2 - 38% - 35% - 18:36
3 - 12% - 15% - 5:58
4 - 14% - 15% - 6:37
PP Forward
1 - 51% - 60% - 5:21
2 - 49% - 40% - 5:12
PP Defense
1 - 53% - 60% - 5:36
2 - 47% - 40% - 4:57
PK Forward
1 - 100% - 60% - 0:38
2 - 0% - 40% - 0:00
PK Defense
1 - 100% - 60% - 0:38
2 - 0% - 40% - 0:00
PK3 Forward
1 - 0% - 60%
2 - 0% - 40%
PK3 Defense
1 - 0% - 60%
2 - 0% - 40%
44 Forward
1 - 90% - 60% - 4:30
2 - 10% - 40% - 0:30
44 Defense
1 - 63% - 60% - 3:09
2 - 37% - 40% - 1:51
Last Minute Offensive - 0:00
Last Minute Defensive - 0:00
Total
Forward - 65:00
Defense - 65:00
|
Play-by-Play
1st period
0:01 of 1st period - Tye McGinn wins face-off versus Michael Chaput in neutral zone.
0:06 of 1st period - Petter Granberg is hit by Simon Despres and loses puck.
0:48 of 1st period - Slapshot by Danny Kristo.
0:48 of 1st period - Stopped by Joe Cannata without a rebound.
0:49 of 1st period - Mathew Barzal wins face-off versus Curtis Lazar in Coutelas zone.
0:52 of 1st period - Backhand shot by Danny Kristo.
0:52 of 1st period - Shot Misses the Net.
1:54 of 1st period - Off-side.
1:55 of 1st period - Mikhail Grigorenko wins face-off versus Riley Armstrong in neutral zone.
2:04 of 1st period - Teemu Pulkkinen is hit by Riley Armstrong and loses puck.
2:26 of 1st period - Michael Chaput is hit by Simon Despres and loses puck.
2:31 of 1st period - Snap shot by Tye McGinn.
2:31 of 1st period - Stopped by Joe Cannata without a rebound.
2:32 of 1st period - Riley Armstrong wins face-off versus Tanner Richard in Coutelas zone.
2:43 of 1st period - Snap shot by Dustin Kohn.
2:43 of 1st period - Stopped by Olivier Roy without a rebound.
2:44 of 1st period - Michael Chaput wins face-off versus Dylan Larkin in Royaux zone.
2:49 of 1st period - Snap shot by Martins Karsums.
2:49 of 1st period - Goal by Martins Karsums - Coutelas : 1 - Royaux : 0.
2:50 of 1st period - Michael Chaput wins face-off versus Dylan Larkin in neutral zone.
2:59 of 1st period - Wrist shot by Martins Karsums.
2:59 of 1st period - Stopped by Olivier Roy without a rebound.
3:00 of 1st period - Ben Hanowski wins face-off versus Michael Chaput in Royaux zone.
3:37 of 1st period - Wrist shot by Michael Chaput.
3:37 of 1st period - Shot Blocked by Tye McGinn.
4:13 of 1st period - Wrist shot by Dylan Larkin.
4:13 of 1st period - Stopped by Joe Cannata with a rebound.
4:21 of 1st period - Snap shot by Dylan Larkin.
4:21 of 1st period - Shot Misses the Net.
4:23 of 1st period - Wrist shot by Phil Oreskovic.
4:23 of 1st period - Stopped by Joe Cannata without a rebound.
4:24 of 1st period - Riley Armstrong wins face-off versus Tanner Richard in Coutelas zone.
4:36 of 1st period - Minor Penalty to Oliver Bjorkstrand for Hooking.
4:37 of 1st period - Mikhail Grigorenko wins face-off versus Riley Armstrong in Coutelas zone.
4:49 of 1st period - Wrist shot by Adam Gaudette.
4:49 of 1st period - Stopped by Joe Cannata with a rebound.
5:41 of 1st period - Dustin Kohn is hit by Travis Sanheim and loses puck.
6:36 of 1st period - Penalty to Oliver Bjorkstrand is over, Oliver Bjorkstrand is back on ice.
6:50 of 1st period - Rhett Rakhshani is hit by Sonny Milano and loses puck.
7:38 of 1st period - Minor Penalty to Rhett Rakhshani for Hooking.
7:39 of 1st period - Dylan Larkin wins face-off versus Martins Karsums in Coutelas zone.
8:21 of 1st period - Icing by Travis Sanheim.
8:22 of 1st period - Martins Karsums wins face-off versus Dylan Larkin in Royaux zone.
9:33 of 1st period - Petter Granberg is hit by Tye McGinn and loses puck.
9:38 of 1st period - Penalty to Rhett Rakhshani is over, Rhett Rakhshani is back on ice.
10:08 of 1st period - Wrist shot by Brandon Pirri.
10:08 of 1st period - Stopped by Joe Cannata without a rebound.
10:09 of 1st period - Riley Armstrong wins face-off versus Tanner Richard in Coutelas zone.
10:16 of 1st period - Wrist shot by Riley Armstrong.
10:16 of 1st period - Shot Blocked by Craig Cunningham.
10:35 of 1st period - Craig Cunningham is hit by Dylan Larkin and loses puck.
10:42 of 1st period - Backhand shot by Craig Cunningham.
10:42 of 1st period - Shot Misses the Net.
10:52 of 1st period - Jordie Benn is hit by Craig Cunningham and loses puck.
10:57 of 1st period - Snap shot by Tanner Richard.
10:57 of 1st period - Shot Blocked by Brendan Woods.
11:11 of 1st period - Julius Honka is hit by Jordie Benn and loses puck.
11:34 of 1st period - Wrist shot by Rourke Chartier.
11:34 of 1st period - Shot Misses the Net.
12:38 of 1st period - Sonny Milano is hit by Craig Cunningham and loses puck.
13:22 of 1st period - Wrist shot by Oliver Bjorkstrand.
13:22 of 1st period - Stopped by Olivier Roy without a rebound.
13:23 of 1st period - Riley Armstrong wins face-off versus Martins Karsums in Royaux zone.
13:59 of 1st period - Snap shot by Mikhail Grigorenko.
13:59 of 1st period - Stopped by Olivier Roy with a rebound.
14:36 of 1st period - Slapshot by Dustin Kohn.
14:36 of 1st period - Stopped by Olivier Roy with a rebound.
14:50 of 1st period - Tye McGinn is hit by Petter Granberg and loses puck.
15:26 of 1st period - Riley Armstrong is hit by Curtis Lazar.
16:19 of 1st period - Minor Penalty to Nick Mattson for Holding.
16:20 of 1st period - Martins Karsums wins face-off versus Max Domi in Coutelas zone.
16:48 of 1st period - Wrist shot by Max Domi.
16:48 of 1st period - Shot Blocked by Mikhail Grigorenko.
17:34 of 1st period - Wrist shot by Brandon Pirri.
17:34 of 1st period - Deflect By Adam Gaudette.
17:34 of 1st period - Stopped by Joe Cannata with a rebound.
18:19 of 1st period - Penalty to Nick Mattson is over, Nick Mattson is back on ice.
18:50 of 1st period - Slapshot by Ben Harpur.
18:50 of 1st period - Shot Blocked by Ryan Pulock.
Goals for this period are 1 for Coutelas vs 0 for Royaux.
Shots for this period are 6 for Coutelas vs 7 for Royaux.
2nd period
0:01 of 2nd period - Michael Chaput wins face-off versus Dylan Larkin in neutral zone.
1:31 of 2nd period - Wrist shot by Dylan Larkin.
1:31 of 2nd period - Stopped by Joe Cannata with a rebound.
1:33 of 2nd period - Slapshot by Jordie Benn.
1:33 of 2nd period - Stopped by Joe Cannata with a rebound.
1:35 of 2nd period - Snap shot by Ben Hanowski.
1:35 of 2nd period - Stopped by Joe Cannata without a rebound.
1:36 of 2nd period - Michael Chaput wins face-off versus Max Domi in Coutelas zone.
1:38 of 2nd period - Minor Penalty to Stefan Matteau for Unsportsmanlike conduct.
1:39 of 2nd period - Adam Gaudette wins face-off versus Martins Karsums in Coutelas zone.
1:39 of 2nd period - Snap shot by Riley Armstrong.
1:39 of 2nd period - Shot Blocked by Ben Harpur.
2:18 of 2nd period - Off-side.
2:19 of 2nd period - Mikhail Grigorenko wins face-off versus Sonny Milano in neutral zone.
3:38 of 2nd period - Penalty to Stefan Matteau is over, Stefan Matteau is back on ice.
3:42 of 2nd period - Riley Armstrong is hit by Dustin Kohn and loses puck.
4:03 of 2nd period - Wrist shot by Curtis Lazar.
4:03 of 2nd period - Stopped by Olivier Roy with a rebound.
4:06 of 2nd period - Icing by Mathew Barzal.
4:07 of 2nd period - Michael Chaput wins face-off versus Rourke Chartier in Royaux zone.
4:16 of 2nd period - Wrist shot by Stefan Matteau.
4:16 of 2nd period - Stopped by Olivier Roy without a rebound.
4:17 of 2nd period - Michael Chaput wins face-off versus Dylan Larkin in Royaux zone.
4:18 of 2nd period - Wrist shot by Martins Karsums.
4:18 of 2nd period - Stopped by Olivier Roy with a rebound.
4:40 of 2nd period - Snap shot by Stefan Matteau.
4:40 of 2nd period - Shot Misses the Net.
4:42 of 2nd period - Snap shot by Michael Chaput.
4:42 of 2nd period - Stopped by Olivier Roy with a rebound.
4:44 of 2nd period - Slapshot by Ben Harpur.
4:44 of 2nd period - Deflect By Stefan Matteau.
4:44 of 2nd period - Shot Blocked by Jordie Benn.
4:44 of 2nd period - Puck is out of play.
4:45 of 2nd period - Riley Armstrong wins face-off versus Mikhail Grigorenko in Royaux zone.
4:45 of 2nd period - Riley Armstrong is hit by Teemu Pulkkinen.
4:58 of 2nd period - Max Domi is hit by Petter Granberg and loses puck.
5:11 of 2nd period - Petter Granberg is hit by Travis Sanheim and loses puck.
5:20 of 2nd period - Travis Sanheim is hit by Dustin Kohn and loses puck.
5:59 of 2nd period - Adam Gaudette is hit by Patrick Sieloff and loses puck.
6:04 of 2nd period - Wrist shot by Rhett Rakhshani.
6:04 of 2nd period - Shot Misses the Net.
6:14 of 2nd period - Teemu Pulkkinen is hit by Travis Sanheim and loses puck.
6:23 of 2nd period - Slapshot by Sonny Milano.
6:23 of 2nd period - Stopped by Joe Cannata without a rebound.
6:24 of 2nd period - Michael Chaput wins face-off versus Dylan Larkin in Coutelas zone.
6:49 of 2nd period - Tye McGinn is hit by Craig Cunningham and loses puck.
7:32 of 2nd period - Snap shot by Stefan Matteau.
7:32 of 2nd period - Deflect By Michael Chaput.
7:32 of 2nd period - Shot Misses the Net.
7:32 of 2nd period - Puck is out of play.
7:33 of 2nd period - Michael Chaput wins face-off versus Riley Armstrong in Royaux zone.
8:06 of 2nd period - Craig Cunningham is hit by Max Domi and loses puck.
8:17 of 2nd period - Slapshot by Riley Armstrong.
8:17 of 2nd period - Stopped by Joe Cannata with a rebound.
8:21 of 2nd period - Snap shot by Riley Armstrong.
8:21 of 2nd period - Stopped by Joe Cannata with a rebound.
8:23 of 2nd period - Snap shot by Adam Gaudette.
8:23 of 2nd period - Stopped by Joe Cannata without a rebound.
8:24 of 2nd period - Martins Karsums wins face-off versus Mathew Barzal in Coutelas zone.
9:11 of 2nd period - Ryan Pulock is hit by Oliver Bjorkstrand and loses puck.
9:50 of 2nd period - Snap shot by Stefan Matteau.
9:50 of 2nd period - Shot Blocked by Max Domi.
9:52 of 2nd period - Wrist shot by Michael Chaput.
9:52 of 2nd period - Stopped by Olivier Roy without a rebound.
9:53 of 2nd period - Michael Chaput wins face-off versus Dylan Larkin in Royaux zone.
10:45 of 2nd period - Riley Armstrong is hit by Teemu Pulkkinen and loses puck.
11:07 of 2nd period - Snap shot by Craig Cunningham.
11:07 of 2nd period - Shot Misses the Net.
11:50 of 2nd period - Off-side.
11:51 of 2nd period - Michael Chaput wins face-off versus Riley Armstrong in neutral zone.
12:16 of 2nd period - Ben Hanowski is hit by Teemu Pulkkinen and loses puck.
12:21 of 2nd period - Wrist shot by Sam Reinhart.
12:21 of 2nd period - Shot Blocked by Phil Oreskovic.
12:23 of 2nd period - Slapshot by Sam Reinhart.
12:23 of 2nd period - Stopped by Olivier Roy with a rebound.
12:25 of 2nd period - Slapshot by Mikhail Grigorenko.
12:25 of 2nd period - Stopped by Olivier Roy without a rebound.
12:26 of 2nd period - Mathew Barzal wins face-off versus Michael Chaput in Royaux zone.
12:26 of 2nd period - Mathew Barzal is hit by Nick Mattson.
12:38 of 2nd period - Snap shot by Michael Chaput.
12:38 of 2nd period - Goal by Michael Chaput - Coutelas : 2 - Royaux : 0.
12:39 of 2nd period - Adam Gaudette wins face-off versus Michael Chaput in neutral zone.
13:09 of 2nd period - Wrist shot by Mikhail Grigorenko.
13:09 of 2nd period - Stopped by Olivier Roy with a rebound.
13:13 of 2nd period - Snap shot by Sam Reinhart.
13:13 of 2nd period - Shot Misses the Net.
13:15 of 2nd period - Snap shot by Dustin Kohn.
13:15 of 2nd period - Stopped by Olivier Roy with a rebound.
13:17 of 2nd period - Slapshot by Dustin Kohn.
13:17 of 2nd period - Stopped by Olivier Roy without a rebound.
13:18 of 2nd period - Dylan Larkin wins face-off versus Stefan Matteau in Royaux zone.
13:23 of 2nd period - Backhand shot by Dylan Larkin.
13:23 of 2nd period - Shot Misses the Net.
13:43 of 2nd period - Oliver Bjorkstrand is hit by Mathew Barzal and loses puck.
13:59 of 2nd period - Icing by Mathew Barzal.
14:00 of 2nd period - Mikhail Grigorenko wins face-off versus Rourke Chartier in Royaux zone.
15:15 of 2nd period - Slapshot by Jordie Benn.
15:15 of 2nd period - Deflect By Sonny Milano.
15:15 of 2nd period - Stopped by Joe Cannata without a rebound.
15:16 of 2nd period - Rourke Chartier wins face-off versus Mattias Janmark in Coutelas zone.
15:17 of 2nd period - Snap shot by Sonny Milano.
15:17 of 2nd period - Shot Blocked by Patrick Sieloff.
15:19 of 2nd period - Slapshot by Jordie Benn.
15:19 of 2nd period - Shot Blocked by Patrick Sieloff.
15:21 of 2nd period - Wrist shot by Rourke Chartier.
15:21 of 2nd period - Shot Misses the Net.
15:23 of 2nd period - Wrist shot by Sonny Milano.
15:23 of 2nd period - Deflect By Brendan Woods.
15:23 of 2nd period - Shot Misses the Net.
15:23 of 2nd period - Puck is out of play.
15:24 of 2nd period - Dylan Larkin wins face-off versus Michael Chaput in Coutelas zone.
15:27 of 2nd period - Snap shot by Ben Hanowski.
15:27 of 2nd period - Stopped by Joe Cannata without a rebound.
15:28 of 2nd period - Michael Chaput wins face-off versus Dylan Larkin in Coutelas zone.
15:28 of 2nd period - Michael Chaput is hit by Dylan Larkin.
15:38 of 2nd period - Tye McGinn is hit by Petter Granberg and loses puck.
16:03 of 2nd period - Nick Mattson is hit by Travis Sanheim and loses puck.
16:38 of 2nd period - Patrick Sieloff is hit by Danny Kristo and loses puck.
17:17 of 2nd period - Snap shot by Craig Cunningham.
17:17 of 2nd period - Stopped by Olivier Roy with a rebound.
17:19 of 2nd period - Slapshot by Patrick Sieloff.
17:19 of 2nd period - Stopped by Olivier Roy without a rebound.
17:20 of 2nd period - Rourke Chartier wins face-off versus Tanner Richard in Royaux zone.
17:20 of 2nd period - Rourke Chartier is hit by Dustin Kohn.
17:23 of 2nd period - Icing by Phil Oreskovic.
17:24 of 2nd period - Sonny Milano wins face-off versus Tanner Richard in Royaux zone.
17:24 of 2nd period - Phil Oreskovic is hit by Craig Cunningham and loses puck.
17:55 of 2nd period - Slapshot by Tanner Richard.
17:55 of 2nd period - Stopped by Olivier Roy without a rebound.
17:56 of 2nd period - Michael Chaput wins face-off versus Dylan Larkin in Royaux zone.
17:59 of 2nd period - Wrist shot by Stefan Matteau.
17:59 of 2nd period - Shot Misses the Net.
18:23 of 2nd period - Minor Penalty to Jordie Benn for Elbowing.
18:24 of 2nd period - Michael Chaput wins face-off versus Danny Kristo in Royaux zone.
19:01 of 2nd period - Snap shot by Oliver Bjorkstrand.
19:01 of 2nd period - Deflect By Craig Cunningham.
19:01 of 2nd period - Goal by Craig Cunningham - Coutelas : 3 - Royaux : 0.
19:02 of 2nd period - Riley Armstrong wins face-off versus Michael Chaput in neutral zone.
19:05 of 2nd period - Wrist shot by Simon Despres.
19:05 of 2nd period - Shot Blocked by Stefan Matteau.
19:07 of 2nd period - Slapshot by Simon Despres.
19:07 of 2nd period - Royaux goal is going for a video replay.
19:07 of 2nd period - The goal is good.
19:07 of 2nd period - Goal by Simon Despres - Coutelas : 3 - Royaux : 1.
19:08 of 2nd period - Dylan Larkin wins face-off versus Michael Chaput in neutral zone.
19:12 of 2nd period - Travis Sanheim is hit by Petter Granberg and loses puck.
19:17 of 2nd period - Slapshot by Dylan Larkin.
19:17 of 2nd period - Shot Misses the Net.
19:36 of 2nd period - Wrist shot by Tanner Richard.
19:36 of 2nd period - Stopped by Olivier Roy with a rebound.
19:44 of 2nd period - Slapshot by Riley Armstrong.
19:44 of 2nd period - Shot Blocked by Dustin Kohn.
19:58 of 2nd period - Wrist shot by Teemu Pulkkinen.
19:58 of 2nd period - Stopped by Olivier Roy with a rebound.
Goals for this period are 2 for Coutelas vs 1 for Royaux.
Shots for this period are 17 for Coutelas vs 10 for Royaux.
3rd period
0:01 of 3rd period - Dylan Larkin wins face-off versus Michael Chaput in neutral zone.
0:50 of 3rd period - Mathew Barzal is hit by Tanner Richard and loses puck.
1:09 of 3rd period - Snap shot by Mattias Janmark.
1:09 of 3rd period - Stopped by Olivier Roy without a rebound.
1:10 of 3rd period - Curtis Lazar wins face-off versus Dylan Larkin in Royaux zone.
1:11 of 3rd period - Snap shot by Mattias Janmark.
1:11 of 3rd period - Stopped by Olivier Roy without a rebound.
1:12 of 3rd period - Michael Chaput wins face-off versus Dylan Larkin in Royaux zone.
1:15 of 3rd period - Snap shot by Stefan Matteau.
1:15 of 3rd period - Stopped by Olivier Roy without a rebound.
1:16 of 3rd period - Ben Hanowski wins face-off versus Stefan Matteau in Royaux zone.
1:26 of 3rd period - Wrist shot by Dylan Larkin.
1:26 of 3rd period - Stopped by Joe Cannata with a rebound.
1:28 of 3rd period - Slapshot by Travis Sanheim.
1:28 of 3rd period - Shot Blocked by Nick Mattson.
1:30 of 3rd period - Snap shot by Simon Despres.
1:30 of 3rd period - Stopped by Joe Cannata with a rebound.
1:48 of 3rd period - Slapshot by Adam Gaudette.
1:48 of 3rd period - Stopped by Joe Cannata with a rebound.
1:50 of 3rd period - Snap shot by Max Domi.
1:50 of 3rd period - Shot Blocked by Nick Mattson.
1:52 of 3rd period - Wrist shot by Max Domi.
1:52 of 3rd period - Shot Hit the Post.
2:30 of 3rd period - Minor Penalty to Dustin Kohn for Roughing.
2:31 of 3rd period - Dylan Larkin wins face-off versus Martins Karsums in Coutelas zone.
3:04 of 3rd period - Wrist shot by Riley Armstrong.
3:04 of 3rd period - Shot Misses the Net.
3:08 of 3rd period - Wrist shot by Riley Armstrong.
3:08 of 3rd period - Goal by Riley Armstrong - Coutelas : 3 - Royaux : 2.
3:09 of 3rd period - Dylan Larkin wins face-off versus Michael Chaput in neutral zone.
3:36 of 3rd period - Craig Cunningham is hit by Riley Armstrong and loses puck.
4:04 of 3rd period - Mikhail Grigorenko is hit by Jordie Benn and loses puck.
4:37 of 3rd period - Slapshot by Dustin Kohn.
4:37 of 3rd period - Deflect By Rhett Rakhshani.
4:37 of 3rd period - Shot Misses the Net.
4:37 of 3rd period - Puck is out of play.
4:38 of 3rd period - Dylan Larkin wins face-off versus Curtis Lazar in Royaux zone.
4:38 of 3rd period - Dylan Larkin is hit by Nick Mattson.
4:44 of 3rd period - Rhett Rakhshani is hit by Ben Hanowski.
4:59 of 3rd period - Icing by Mattias Janmark.
5:00 of 3rd period - Curtis Lazar wins face-off versus Riley Armstrong in Coutelas zone.
5:05 of 3rd period - Jordie Benn is hit by Curtis Lazar and loses puck.
5:18 of 3rd period - Snap shot by Mattias Janmark.
5:18 of 3rd period - Shot Misses the Net.
5:20 of 3rd period - Slapshot by Nick Mattson.
5:20 of 3rd period - Deflect By Riley Armstrong.
5:20 of 3rd period - Stopped by Olivier Roy with a rebound.
5:22 of 3rd period - Wrist shot by Curtis Lazar.
5:22 of 3rd period - Shot Misses the Net.
5:24 of 3rd period - Slapshot by Rhett Rakhshani.
5:24 of 3rd period - Stopped by Olivier Roy with a rebound.
5:38 of 3rd period - Slapshot by Rhett Rakhshani.
5:38 of 3rd period - Shot Misses the Net.
5:40 of 3rd period - Wrist shot by Mattias Janmark.
5:40 of 3rd period - Stopped by Olivier Roy with a rebound.
5:42 of 3rd period - Snap shot by Rhett Rakhshani.
5:42 of 3rd period - Deflect By Curtis Lazar.
5:42 of 3rd period - Shot Misses the Net.
5:42 of 3rd period - Puck is out of play.
5:43 of 3rd period - Michael Chaput wins face-off versus Dylan Larkin in Royaux zone.
5:46 of 3rd period - Snap shot by Martins Karsums.
5:46 of 3rd period - Stopped by Olivier Roy without a rebound.
5:47 of 3rd period - Dylan Larkin wins face-off versus Michael Chaput in Royaux zone.
5:49 of 3rd period - Icing by Travis Sanheim.
5:50 of 3rd period - Michael Chaput wins face-off versus Dylan Larkin in Royaux zone.
6:51 of 3rd period - Petter Granberg is hit by Adam Gaudette and loses puck.
8:29 of 3rd period - Ben Hanowski is hit by Patrick Sieloff and loses puck.
8:38 of 3rd period - Wrist shot by Tanner Richard.
8:38 of 3rd period - Stopped by Olivier Roy with a rebound.
8:58 of 3rd period - Snap shot by Teemu Pulkkinen.
8:58 of 3rd period - Stopped by Olivier Roy without a rebound.
8:59 of 3rd period - Riley Armstrong wins face-off versus Tanner Richard in Royaux zone.
9:08 of 3rd period - Wrist shot by Riley Armstrong.
9:08 of 3rd period - Shot Misses the Net.
9:10 of 3rd period - Snap shot by Max Domi.
9:10 of 3rd period - Shot Misses the Net.
9:12 of 3rd period - Wrist shot by Adam Gaudette.
9:12 of 3rd period - Shot Misses the Net.
9:24 of 3rd period - Ryan Pulock is hit by Stefan Matteau and loses puck.
9:45 of 3rd period - Slapshot by Phil Oreskovic.
9:45 of 3rd period - Stopped by Joe Cannata without a rebound.
9:46 of 3rd period - Mikhail Grigorenko wins face-off versus Rourke Chartier in Coutelas zone.
10:11 of 3rd period - Ben Harpur is hit by Ben Hanowski and loses puck.
10:35 of 3rd period - Snap shot by Max Domi.
10:35 of 3rd period - Shot Blocked by Petter Granberg.
10:37 of 3rd period - Backhand shot by Travis Sanheim.
10:37 of 3rd period - Shot Blocked by Dustin Kohn.
10:39 of 3rd period - Slapshot by Simon Despres.
10:39 of 3rd period - Shot Blocked by Petter Granberg.
10:41 of 3rd period - Slapshot by Adam Gaudette.
10:41 of 3rd period - Shot Blocked by Curtis Lazar.
10:43 of 3rd period - Slapshot by Simon Despres.
10:43 of 3rd period - Shot Misses the Net.
10:45 of 3rd period - Snap shot by Adam Gaudette.
10:45 of 3rd period - Shot Misses the Net.
10:57 of 3rd period - Snap shot by Danny Kristo.
10:57 of 3rd period - Goal by Danny Kristo - Coutelas : 3 - Royaux : 3.
10:58 of 3rd period - Dylan Larkin wins face-off versus Michael Chaput in neutral zone.
11:01 of 3rd period - Wrist shot by Dylan Larkin.
11:01 of 3rd period - Stopped by Joe Cannata with a rebound.
11:03 of 3rd period - Slapshot by Phil Oreskovic.
11:03 of 3rd period - Deflect By Michael Chaput.
11:03 of 3rd period - Stopped by Joe Cannata without a rebound.
11:04 of 3rd period - Dylan Larkin wins face-off versus Michael Chaput in Coutelas zone.
11:15 of 3rd period - Slapshot by Dylan Larkin.
11:15 of 3rd period - Stopped by Joe Cannata with a rebound.
11:17 of 3rd period - Snap shot by Tye McGinn.
11:17 of 3rd period - Stopped by Joe Cannata with a rebound.
11:19 of 3rd period - Slapshot by Ryan Pulock.
11:19 of 3rd period - Stopped by Joe Cannata with a rebound.
11:33 of 3rd period - Wrist shot by Tanner Richard.
11:33 of 3rd period - Stopped by Olivier Roy without a rebound.
11:34 of 3rd period - Riley Armstrong wins face-off versus Craig Cunningham in Royaux zone.
11:45 of 3rd period - Snap shot by Riley Armstrong.
11:45 of 3rd period - Stopped by Joe Cannata without a rebound.
11:46 of 3rd period - Michael Chaput wins face-off versus Dylan Larkin in Coutelas zone.
12:01 of 3rd period - Snap shot by Tye McGinn.
12:01 of 3rd period - Deflect By Dylan Larkin.
12:01 of 3rd period - Stopped by Joe Cannata without a rebound.
12:02 of 3rd period - Riley Armstrong wins face-off versus Tanner Richard in Coutelas zone.
12:32 of 3rd period - Wrist shot by Martins Karsums.
12:32 of 3rd period - Stopped by Olivier Roy with a rebound.
12:37 of 3rd period - Off-side.
12:38 of 3rd period - Teemu Pulkkinen wins face-off versus Brandon Pirri in neutral zone.
12:47 of 3rd period - Wrist shot by Sam Reinhart.
12:47 of 3rd period - Shot Misses the Net.
13:03 of 3rd period - Simon Despres is hit by Martins Karsums and loses puck.
13:26 of 3rd period - Snap shot by Rourke Chartier.
13:26 of 3rd period - Stopped by Joe Cannata with a rebound.
13:28 of 3rd period - Slapshot by Phil Oreskovic.
13:28 of 3rd period - Shot Misses the Net.
13:39 of 3rd period - Icing by Sonny Milano.
13:40 of 3rd period - Rourke Chartier wins face-off versus Michael Chaput in Royaux zone.
13:40 of 3rd period - Marcus Pettersson is hit by Nick Mattson and loses puck.
13:45 of 3rd period - Snap shot by Stefan Matteau.
13:45 of 3rd period - Stopped by Olivier Roy without a rebound.
13:46 of 3rd period - Dylan Larkin wins face-off versus Martins Karsums in Royaux zone.
13:46 of 3rd period - Dylan Larkin is hit by Martins Karsums.
14:05 of 3rd period - Minor Penalty to Michael Chaput for Roughing.
14:06 of 3rd period - Martins Karsums wins face-off versus Dylan Larkin in Coutelas zone.
16:05 of 3rd period - Penalty to Michael Chaput is over, Michael Chaput is back on ice.
16:25 of 3rd period - Backhand shot by Mattias Janmark.
16:25 of 3rd period - Stopped by Olivier Roy with a rebound.
16:35 of 3rd period - Dylan Larkin is hit by Craig Cunningham and loses puck.
18:19 of 3rd period - Brandon Pirri is hit by Martins Karsums and loses puck.
Goals for this period are 0 for Coutelas vs 2 for Royaux.
Shots for this period are 13 for Coutelas vs 14 for Royaux.
Overtime #1
0:01 of 1st overtime period - Dylan Larkin wins face-off versus Martins Karsums in neutral zone.
0:04 of 1st overtime period - Martins Karsums is hit by Tye McGinn and loses puck.
1:21 of 1st overtime period - Slapshot by Ben Harpur.
1:21 of 1st overtime period - Stopped by Olivier Roy without a rebound.
1:22 of 1st overtime period - Dylan Larkin wins face-off versus Stefan Matteau in Royaux zone.
1:47 of 1st overtime period - Slapshot by Adam Gaudette.
1:47 of 1st overtime period - Shot Misses the Net.
3:07 of 1st overtime period - Nick Mattson is hit by Simon Despres and loses puck.
4:26 of 1st overtime period - Phil Oreskovic is hit by Nick Mattson and loses puck.
Goals for this period are 0 for Coutelas vs 0 for Royaux.
Shots for this period are 1 for Coutelas vs 0 for Royaux.
ShootOut
5:00 of 1st overtime period - Round #1.
5:00 of 1st overtime period - Coutelas, Martins Karsums.
5:00 of 1st overtime period - Deke by Martins Karsums.
5:00 of 1st overtime period - Goal by Martins Karsums.
5:00 of 1st overtime period - Royaux, Dylan Larkin.
5:00 of 1st overtime period - Deke by Dylan Larkin.
5:00 of 1st overtime period - Goal by Dylan Larkin.
5:00 of 1st overtime period - Round #2.
5:00 of 1st overtime period - Coutelas, Stefan Matteau.
5:00 of 1st overtime period - Snap shot by Stefan Matteau.
5:00 of 1st overtime period - Stopped by Olivier Roy.
5:00 of 1st overtime period - Royaux, Brandon Pirri.
5:00 of 1st overtime period - Deke by Brandon Pirri.
5:00 of 1st overtime period - Stopped by Joe Cannata.
5:00 of 1st overtime period - Round #3.
5:00 of 1st overtime period - Coutelas, Craig Cunningham.
5:00 of 1st overtime period - Wrist shot by Craig Cunningham.
5:00 of 1st overtime period - Stopped by Olivier Roy.
5:00 of 1st overtime period - Royaux, Danny Kristo.
5:00 of 1st overtime period - Snap shot by Danny Kristo.
5:00 of 1st overtime period - Goal by Danny Kristo.